 Dungeon Crawl Stone Soup version 0.21-a0-142-gdd972a7 (webtiles) character file.

1505 tilp the Firebug (level 8, -2/96 HPs)
             Began as a Hill Orc Fire Elementalist on July 22, 2017.
             Was a Believer of Okawaru.
             Splashed by a brown ugly thing's acid (7 damage)
             ... on level 6 of the Dungeon.
             The game lasted 00:18:31 (6712 turns).

tilp the Firebug (Hill Orc Fire Elementalist)       Turns: 6712, Time: 00:18:32

Health: -2/96      AC: 16    Str: 16    XL:     8   Next: 82%
Magic:  3/11       EV:  2    Int: 17    God:    Okawaru [**....]
Gold:   257        SH:  0    Dex: 11    Spells: 1/11 levels left

rFire    . . .     SeeInvis .   G - +2 hand axe (elec)
rCold    . . .     Gourm    .   (no shield)
rNeg     + + +     Faith    .   (armour currently unavailable)
rPois    +         Spirit   .   (helmet currently unavailable)
rElec    .         Reflect  .   (cloak currently unavailable)
rCorr    .         Harm     .   (gloves currently unavailable)
MR       .....     Clarity  +   (boots currently unavailable) Stlth ++........NoTele +
                                (no amulet)
HPRegen  0.26/turn              (no ring)
MPRegen  0.12/turn              (no ring)

@: mighty, tree-form, corroded
A: clarity
a: Heroism, Renounce Religion


You were on level 6 of the Dungeon.
You worshipped Okawaru.
Okawaru was pleased with you.
You were not hungry.
You were a tree.
You visited 1 branch of the dungeon, and saw 6 of its levels.

You collected 257 gold pieces.

Inventory:

Hand Weapons
 c - a cursed +2 battleaxe
 n - a +1 short sword of protection
 F - a +1 flail of draining
 G - a +2 hand axe of electrocution (weapon)
 I - a +0 war axe
Missiles
 i - 111 stones
 x - 14 tomahawks (quivered)
Armour
 e - a +0 leather armour (melded)
Jewellery
 k - an uncursed ring of ice {unknown}
 p - a +5 amulet of reflection {unknown}
 u - an uncursed ring of stealth {unknown}
 C - an uncursed ring of resist corrosion {unknown}
Wands
 l - a wand of confusion (16/48)
 m - a wand of flame (5/48)
 y - a wand of flame (9/48)
Scrolls
 d - 2 scrolls of fear
 g - 3 scrolls of amnesia
 h - 2 scrolls of magic mapping
 s - 3 scrolls of teleportation
 t - a scroll of fog {unknown}
 v - a scroll of immolation {unknown}
 w - a scroll of blinking {unknown}
 B - a scroll of enchant armour {unknown}
 D - 4 scrolls of remove curse
 E - a scroll of enchant weapon
Potions
 a - a potion of curing
 o - a potion of brilliance
 z - a potion of agility
 A - a potion of flight
 H - a potion of haste {unknown}
Books
 b - a book of Flames

   Spells                             Type                      Level
   a - Flame Tongue                   Conjuration/Fire             1
   b - Throw Flame                    Conjuration/Fire             2
   c - Conjure Flame                  Conjuration/Fire             3
   d - Inner Flame                    Hexes/Fire                   3
   e - Sticky Flame                   Conjuration/Fire             4
   f - Fireball                       Conjuration/Fire             5
Comestibles
 f - 2 meat rations
 q - a bread ration
 J - 2 chunks of flesh


   Skills:
 + Level 3.6 Fighting
 + Level 1.5 Axes
 + Level 3.3 Dodging
 - Level 1.5 Stealth
 - Level 2.1 Spellcasting
 * Level 6.7 Conjurations
 * Level 7.5 Fire Magic


You had one spell level left.
You knew the following spells:

 Your Spells              Type           Power        Failure   Level  Hunger
a - Flame Tongue          Conj/Fire      ####.        1%          1    #......
b - Throw Flame           Conj/Fire      ####..       1%          2    ###....
c - Conjure Flame         Conj/Fire      ####....     3%          3    ###....
d - Sticky Flame          Conj/Fire      ####....     10%         4    #####..


Dungeon Overview and Level Annotations

Branches:
Dungeon (6/15)
 Temple: D:4-7

Altars:
Cheibriados
Dithmenos
Nemelex Xobeh
Okawaru
Ru
Zin


Innate Abilities, Weirdness & Mutations

((You have large cloven feet.))
You possess an exceptional clarity of mind.
((Your flesh is heat resistant. (rF+)))


Message History

Aim: a brown ugly thing (almost dead)
The puff of flame hits the brown ugly thing.
The brown ugly thing appears unharmed.
The brown ugly thing is almost dead.
Evoking this partially-identified wand wasted a few charges.
The brown ugly thing tentacle-slaps you but does no damage.
Aiming: Throw Flame (will waste charges)
Press: ? - help, Shift-Dir - straight line, f/p - brown ugly thing
Aim: a brown ugly thing (almost dead)
The puff of flame misses the brown ugly thing.
Evoking this partially-identified wand wasted a few charges.
The brown ugly thing tentacle-slaps you but does no damage.
Casting: Flame Tongue
Confirm with . or Enter, or press ? or * to list all spells.
You don't have enough magic to cast that spell.
You feel very mighty all of a sudden.
The brown ugly thing tentacle-slaps you.
* * * LOW HITPOINT WARNING * * *
The acid corrodes you!
You are splashed with acid!
The acid burns!
You die...

#. #..... #.### ......
## ###.... ..... .
#.....####.....### ###
#.....'.......... ..
#.....########.# #
#.....##.......#########
#
#.....##.......'.......#
######..u♣.....#...###)#
#....######...###'###
#....# #...##..)..
#....# ######.....
#....# #..... #....#
#..... ###### ##.### #.#
#.#


You could see a brown ugly thing.

Vanquished Creatures
  Edmund (D:4)
  A phantom (D:5)
  A sky beast (D:5)
  2 ogres
  Blork the orc (D:5)
  2 scorpions
  4 wights (D:6)
  A centaur zombie (D:5)
  2 hounds (D:4)
  An orc priest (D:5)
  A gnoll shaman (D:5)
  Jessica (D:2)
  A bullfrog skeleton (D:6)
  2 iguanas
  Ijyb (D:3)
  4 orc wizards
  3 worker ants
  8 gnolls (D:5)
  5 adders
  A shadow imp (D:6)
  An ooze (D:1)
  An adder skeleton (D:4)
  An adder zombie (D:5)
  3 worms
  A dart slug (D:1)
  6 leopard geckos
  16 orcs
  2 ball pythons (D:3)
  3 giant cockroaches
  10 goblins
  3 hobgoblins
  7 jackals
  7 kobolds
  3 quokkas
  7 bats
  6 frilled lizards
  7 rats
127 creatures vanquished.

Notes
Turn   | Place    | Note
-------+----------+-------------------------------------------
     0 | D:1      | tilp the Hill Orc Fire Elementalist began the quest for the Orb.
     0 | D:1      | Reached XP level 1. HP: 14/14 MP: 3/3
    55 | D:1      | Reached XP level 2. HP: 11/20 MP: 1/5
    59 | D:1      | Learned a level 2 spell: Throw Flame
   538 | D:1      | Reached XP level 3. HP: 16/26 MP: 3/6
   543 | D:1      | Learned a level 3 spell: Conjure Flame
  1335 | D:2      | Found a glowing silver altar of Zin.
  1411 | D:2      | Reached XP level 4. HP: 33/33 MP: 2/7
  1522 | D:2      | Noticed Jessica
  1548 | D:2      | Killed Jessica
  1592 | D:2      | Found an iron altar of Okawaru.
  1612 | D:2      | Became a worshipper of Warmaster Okawaru
  1985 | D:3      | Reached skill level 4 in Fire Magic
  2023 | D:3      | Reached XP level 5. HP: 35/38 MP: 1/8
  2145 | D:3      | Found a sacrificial altar of Ru.
  2223 | D:3      | Noticed Ijyb
  2238 | D:3      | Gained mutation: You possess an exceptional clarity of mind. [potion of mutation]
  2238 | D:3      | Gained mutation: You have large cloven feet. [potion of mutation]
  2238 | D:3      | Gained mutation: Your flesh is heat resistant. (rF+) [potion of mutation]
  2251 | D:3      | Killed Ijyb
  2364 | D:3      | Found a snail-covered altar of Cheibriados.
  2490 | D:3      | Found a shadowy altar of Dithmenos.
  2681 | D:3      | Found a sparkling altar of Nemelex Xobeh.
  3129 | D:4      | Noticed Edmund
  3140 | D:4      | Killed Edmund
  3140 | D:4      | Reached skill level 5 in Fire Magic
  3140 | D:4      | Reached XP level 6. HP: 45/45 MP: 1/9
  3433 | D:4      | Reached * piety under Okawaru
  3781 | D:4      | Reached XP level 7. HP: 51/51 MP: 6/10
  3846 | D:4      | Reached skill level 1 in Fighting
  4032 | D:4      | Reached skill level 5 in Conjurations
  4118 | D:5      | Entered Level 5 of the Dungeon
  4569 | D:4      | Learned a level 4 spell: Sticky Flame
  4574 | D:5      | Reached skill level 6 in Fire Magic
  5097 | D:5      | Reached ** piety under Okawaru
  5487 | D:5      | Reached XP level 8. HP: 48/61 MP: 7/11
  5925 | D:5      | Reached skill level 7 in Fire Magic
  6162 | D:5      | Noticed Blork the orc
  6172 | D:5      | Killed Blork the orc
  6502 | D:6      | Reached skill level 1 in Axes
  6694 | D:6      | Noticed a brown ugly thing
  6712 | D:6      | Splashed by a brown ugly thing's acid

Vault maps used:
D:1:      sevenhm_arrival_forest_fort_small_3, minivault_26, minmay_tetromino_l2
D:2:      nicolae_overflow_crystal_walls, st_stairs_4,
          okawaru_metal_pillars_1_2, uniq_jessica
D:3:      grunt_dithmenos_smoke_and_mirrors, nemelex_xobeh_ov_fountains_minmay,
          marbit_many_paths, lemuel_doored_altar, uniq_ijyb
D:4:      first_bread, moated_statue, uniq_edmund
D:5:      lemuel_ice_spiral_2, uniq_blork_the_orc
D:6:      serial_shops, nicolae_shop_window_shopping, nicolae_evil_shop

Skill      XL: |  1  2  3  4  5  6  7  8 |
---------------+-------------------------+-----
Spellcasting   | 2 |  2.1
Conjurations   | 2 3 4 5 6 |  6.7
Fire Magic     | 4 5 6 7 |  7.5
Dodging        | 2 3 |  3.3
Fighting       | 2 3 |  3.6
Axes           | 1 |  1.5
Stealth        | |  1.5

Action                   |  1- 3 |  4- 6 |  7- 9 || total
-------------------------+-------+-------+-------++-------
Melee: Club              |     9 |       |       ||     9
       Unarmed           |     1 |       |       ||     1
       Mace              |    40 |    44 |       ||    84
       Dagger            |     7 |       |       ||     7
       Short sword       |       |    58 |   133 ||   191
       Falchion          |       |    29 |       ||    29
       Kick              |       |    15 |    29 ||    44
       Hand axe          |       |       |    26 ||    26
Throw: Stone             |     3 |       |       ||     3
       Tomahawk          |       |       |     9 ||     9
 Cast: Flame Tongue      |    30 |    54 |   100 ||   184
       Throw Flame       |       |     5 |       ||     5
       Conjure Flame     |       |     1 |     9 ||    10
       Sticky Flame      |       |       |     6 ||     6
Evoke: Wand              |       |     4 |     4 ||     8
  Use: Potion            |       |     3 |     4 ||     7
       Scroll            |       |       |    10 ||    10
 Stab: Sleeping          |     3 |       |       ||     3
  Eat: Chunk             |     1 |     2 |     4 ||     7
       Bread ration      |     1 |     1 |     2 ||     4
       Royal jelly       |       |       |     1 ||     1
       Fruit             |       |       |     1 ||     1
Armor: Robe              |     2 |       |       ||     2
       Leather armour    |    20 |    56 |    57 ||   133
       Skin              |       |       |     6 ||     6
Dodge: Dodged            |    37 |   130 |   110 ||   277
       Rpst.: Falchion   |       |     5 |       ||     5
